 Dungeon Crawl Stone Soup version 0.31-a0-167-g1c394c0614 (webtiles) character file.

Game seed: 10484986043657023191

205 Anon1729 the Trooper (level 5, -1/47 HPs)
             Began as a Minotaur Monk on June 14, 2023.
             Slain by a bullfrog (5 damage)
             ... in a sewer.
             The game lasted 00:01:40 (2549 turns).

Anon1729 the Trooper (Minotaur Monk)                Turns: 2549, Time: 00:01:40

Health: -1/47      AC:  4    Str: 14    XL:     5   Next: 53%
Magic:  5/5        EV: 13    Int: 11    God:
Gold:   95         SH:  0    Dex: 14    Spells: 4/4 levels left

rFire   + . .        a - +0 short sword
rCold   + . .        d - orb {light}
rNeg    . . .        b - +0 robe
rPois   +            (helmet restricted)
rElec   +            (no cloak)
rCorr   +            (no gloves)
SInv    .            (no boots)
Will    +....        (no amulet)
Stlth   +            (no ring)
HPRegen 0.27/turn    (no ring)
MPRegen 0.09/turn

%: no passive effects
@: lethally poisoned (-1 -> -4), resistant, glowing, very slow
A: horns 2, retaliatory headbutt, iridescent scales 1, clever 1, strong-willed 1
a: no special abilities


You were in a sewer.
You visited 1 branch of the dungeon, and saw 3 of its levels.
You also visited: Sewer.

You collected 95 gold pieces.

Inventory:

Hand Weapons
 a - a +0 short sword (weapon)
Armour
 b - a +0 robe (worn)
 d - an orb of light (worn)
Wands
 o - a wand of roots (9)
Scrolls
 e - a scroll of enchant armour {unknown}
 f - a scroll of enchant weapon {unknown}
 g - 2 scrolls of identify
 h - a scroll of teleportation {unknown}
 j - a scroll of torment {unknown}
 k - a scroll of vulnerability {unknown}
 n - a scroll of poison {unknown}
 q - a scroll of fear {unknown}
 r - a scroll of amnesia {unknown}
 s - a scroll of summoning {unknown}
 u - a scroll of immolation {unknown}
 w - 2 scrolls of fog
Potions
 i - a potion of haste {unknown}
 l - a potion of magic {unknown}
 m - a potion of mutation
 p - a potion of invisibility {unknown}
 t - a potion of berserk rage {unknown}
 v - a potion of curing {unknown}


   Skills:
 + Level 4.6 Fighting
 + Level 4.3 Short Blades
 + Level 2.6 Armour
 + Level 4.2 Dodging
 + Level 2.1 Invocations


You had 4 spell levels left.
You didn't know any spells.
Your spell library was empty.

Dungeon Overview and Level Annotations

Branches:
Dungeon (3/15)              Sewer (1/1)

Altars:


Innate Abilities, Weirdness & Mutations

You have a pair of horns on your head.
You reflexively headbutt those who attack you in melee.
You are partially covered in iridescent scales. (AC +2)
Your mind is acute. (Int +4, Str/Dex -1)
You are strong-willed. (Will+)


Message History

The adder bites you.
You are too injured to fight recklessly!
As you read the scroll labelled HUIDEUG HIEBESS, it crumbles to dust.
It is a scroll of identify.
w - 2 scrolls of fog You feel sick.
The bullfrog hits you. The ball python closely misses you.
The ball python grabs you. The ball python constricts you.
The bullfrog hits you but does no damage.
The adder bites you but does no damage. The adder bites you.
* * * LOW HITPOINT WARNING * * *
The bullfrog closely misses you. The ball python bites you.
* * * LOW HITPOINT WARNING * * *
The ball python constricts you. The bullfrog barely misses you.
Okay, then.
Unknown command.
Unknown command.
You escape the ball python's grasp.
You feel very sick. The adder closely misses you. The bullfrog hits you.
* * * LOW HITPOINT WARNING * * *
The bullfrog hits you but does no damage.
The adder closely misses you. You furiously retaliate!
You headbutt the adder! The adder barely misses you.
The bullfrog closely misses you. You furiously retaliate!
You headbutt the bullfrog.
It was a potion of mutation.
You feel extremely strange.
Iridescent scales grow over part of your body.
You feel clever.
You feel strong-willed.
You feel sick. The bullfrog misses you. The adder closely misses you.
The bullfrog closely misses you. The adder bites you.
* * * LOW HITPOINT WARNING * * *
The ball python closely misses you. You furiously retaliate!
You headbutt the ball python!
You kill the ball python!
The bullfrog misses you.
Okay, then.
It was a potion of resistance.
You feel protected.
You feel sick. The bullfrog barely misses you.
The adder bites you but does no damage. The bullfrog hits you.
You die...

≈†≈≈≈#
#≈~~~≈≈#
≈≈~~≈#
#≈~~~~≈#
≈≈≈†~#
#≈~~~~≈#
≈~~~~#
#≈≈≈~~≈#
~~.~##
#≈≈~~≈~#
~.).≈#
#≈≈~≈~≈#
~~.~≈#
#≈≈≈≈.≈#
~~~≈≈#
#≈≈≈F.~#
~≈~≈≈#
#≈≈~S@≈#
~~~~≈#
#≈≈†FS≈#
~≈~~≈#
#≈≈†J~≈#
≈≈~~~#
#≈~~~~≈#
≈≈≈~≈#
#≈~~≈≈~#
≈≈~~~#
#~≈≈~≈~#
~.~..#
##~~~~##
.....#
......
....##
#......


You could see 2 bullfrogs, 2 adders and an endoplasm.

Vanquished Creatures
  Natasha (D:3)
  8 adders
  4 river rats (Sewer)
  A worm (D:2)
  15 ball pythons
  3 bats
  4 endoplasms
  A giant cockroach (D:2)
  2 goblins
  4 hobgoblins
  3 jackals (D:1)
  5 kobolds
  A quokka (D:2)
  6 frilled lizards
  26 rats
84 creatures vanquished.

Notes
Turn   | Place    | Note
-------+----------+-------------------------------------------
     0 | D:1      | Anon1729 the Minotaur Monk began the quest for the Orb.
     0 | D:1      | Reached XP level 1. HP: 19/19 MP: 0/0
   439 | D:1      | Reached XP level 2. HP: 25/27 MP: 1/1
   891 | D:2      | Reached skill level 1 in Armour
   937 | D:2      | Reached skill level 1 in Invocations
  1098 | D:2      | Reached XP level 3. HP: 33/33 MP: 2/2
  1701 | D:3      | Noticed Natasha
  1709 | D:3      | Killed Natasha
  1710 | D:3      | Reached XP level 4. HP: 16/40 MP: 2/4
  1823 | D:3      | Found a glowing drain.
  1834 | Sewer    | Entered a sewer
  2041 | Sewer    | Reached XP level 5. HP: 6/47 MP: 5/5
  2548 | Sewer    | Gained mutation: You are partially covered in iridescent
                  | scales. (AC +2) [potion of mutation]
  2548 | Sewer    | Gained mutation: Your mind is acute. (Int +4, Str/Dex -1)
                  | [potion of mutation]
  2548 | Sewer    | Gained mutation: You are strong-willed. (Will+) [potion of
                  | mutation]
  2549 | Sewer    | Slain by a bullfrog

Illustrated notes

Levels and vault maps discovered:
D:1:      giann_horns, layout_basic
D:2:      layout_loops_corners, moated_statue
D:3:      layout_rooms, kennysheep_vampire_church, portal_sewer_entry_d,
          uniq_natasha
Sewer:    sewer_minmay_w

Skill      XL: |  1  2  3  4  5 |
---------------+----------------+-----
Armour         | 1 2 |  2.6
Invocations    | 1 2 |  2.1
Fighting       | 4 |  4.6
Short Blades   | 4 |  4.3
Dodging        | 4 |  4.2

Action                     |  1- 3 |  4- 6 || total
---------------------------+-------+-------++-------
  Melee: Short sword       |    69 |   113 ||   182
         Headbutt          |    12 |    10 ||    22
    Use: Potion            |       |     4 ||     4
         Scroll            |       |     1 ||     1
 Armour: Robe              |     9 |    28 ||    37
  Dodge: Dodged            |    51 |   114 ||   165

Table legend: (Time is in decaauts)
 A = Elapsed time spent in this place.
 B = Non-inter-level travel time spent in this place.
 C = Inter-level travel time spent in this place.
 D = Time resting spent in this place.
 E = Time spent auto-exploring this place.
 F = Levels seen in this place.
 G = Mean time per level.
                   A        B        C        D        E       F      G
               +--------+--------+--------+--------+--------+-----+--------+
         Total |   2550 |   2463 |     87 |    310 |   1766 |   4 |  637.5 |
       Dungeon |   1826 |   1739 |     87 |     74 |   1437 |   3 |  608.7 |
         Sewer |    723 |    723 |      0 |    236 |    329 |   1 |  723.0 |
               +--------+--------+--------+--------+--------+-----+--------+

Top non-repeatable levels by time:
     D:2: 874 daAuts
     D:1: 827 daAuts
   Sewer: 723 daAuts
     D:3: 125 daAuts
